AoeStats
← Rodrigo Lao Tse

Arabia

510216539Analyzed
1v1 RM · 2d ago on Sep 30, 2026· 45m 48s· 2 players
Game mode
Random Map
Map size
Tiny (2 player)
Population
200
Speed
Normal
Resources
Standard
Victory
Conquest
Starting age
Dark Age
Ending age
Imperial Age
RankedLock teamsTeams togetherTeam positionsShared explorationLock speedFull tech treeHidden civsTurbo modeCheats
Victory
Defeat
🇨🇱 Maya · Chile
813
+17
🇧🇷 Teutons · Brazil
830
-17
Rodrigo Lao Tse
7:30 Loom
9:40 Feudal Age
10:22 Double-Bit Axe
12:40 Horse Collar
21:28 Castle Age
20:26 Gold Mining
21:53 Wheelbarrow
22:38 Town Watch
22:49 Town Watch
24:03 Crossbowman
25:43 Thumb Ring
27:37 Fletching
27:48 Padded Archer Armor
29:01 Hand Cart
35:32 Imperial Age
35:38 Arbalester
39:23 Bodkin Arrow
41:50 Leather Archer Armor
41:36 Bracer
42:12 Ballistics
42:11 Heavy Plow
43:40 Chemistry
44:23 Conscription
45:48 Ring Archer Armor
Babesh
11:55 Feudal Age
11:19 Loom
18:57 Castle Age
17:55 Fletching
19:22 Double-Bit Axe
19:20 Horse Collar
21:58 Town Watch
24:55 Bodkin Arrow
27:07 Forging
31:49 Scale Barding Armor
32:10 Masonry
33:11 Wheelbarrow
38:13 Chain Barding Armor
42:52 Imperial Age
40:19 Stone Mining
43:21 Fervor
43:50 Stone Shaft Mining
43:28 Padded Archer Armor
44:29 Crenellations
45:46 Chemistry
Connection lost

Rejoining the realm…

Still unreachable

The connection could not be restored.

Session expired

The server has moved on; the page needs a fresh start.